 Dungeon Crawl Stone Soup version 0.31-a0-234-gad7ace16ef (webtiles) character file.

Game seed: 9976621183559668603

47 qw the Fighter (level 3, -1/34 (47) HPs)
             Began as a Minotaur Hexslinger on July 9, 2023.
             Slain by Terence
             ... wielding a +2 mace of draining
              (2 damage)
             ... on level 2 of the Dungeon.
             The game lasted 00:00:13 (614 turns).

qw the Fighter (Minotaur Hexslinger)                 Turns: 614, Time: 00:00:13

HP:   -1/34 (47)    AC:  5    Str: 12    XL:     3   Next: 48%
MP:   3/3           EV: 11    Int: 10    God:
Gold: 38            SH:  0    Dex: 14    Spells: 3/4 levels left

rFire   . . .        Y - +2 sling
rCold   . . .        (no shield)
rNeg    . . .        d - +0 ring mail
rPois   .            (helmet restricted)
rElec   .            (no cloak)
rCorr   .            (no gloves)
SInv    .            (no boots)
Will    .....        (no amulet)
Stlth   +            (no ring)
HPRegen 0.25/turn    (no ring)
MPRegen 0.08/turn

%: no passive effects
@: very heavily drained
A: horns 2, retaliatory headbutt
a: no special abilities


You were on level 2 of the Dungeon.
You visited 1 branch of the dungeon, and saw 2 of its levels.

You collected 38 gold pieces.


Innate Abilities, Weirdness & Mutations

You have a pair of horns on your head.
You reflexively headbutt those who attack you in melee.


   Skills:
 - Level 11.0 Fighting
 + Level 3.2 Ranged Weapons
 - Level 2.1 Dodging
 - Level 1.0 Spellcasting
 - Level 2.0 Hexes


You had 3 spell levels left.
You knew the following spells:

 Your Spells              Type           Power      Damage    Failure   Level
a - Slow                  Hex            16%        N/A       34%         1

Your spell library contained the following spells:

 Spells                   Type           Power      Damage    Failure   Level
 Inner Flame              Hex/Fire       2%         N/A       83%         3
 Portal Projectile        Hex/Tloc       4%         N/A       83%         3
 Cause Fear               Hex            2%         N/A       98%         4

Inventory:

Hand Weapons
 Y - a +2 sling (weapon)
Armour
 d - a +0 ring mail (worn)
Scrolls
 g - a scroll of identify

Dungeon Overview and Level Annotations

Branches:
Dungeon (2/15)

Altars:

Annotations:
D:2 Terence


Message History

Terence is nearby!
Terence is nearby!
Enter note: Terence hits you with a +2 mace of draining!
You feel drained.
Enter note:
Enter note: You shoot a sling bullet.
The sling bullet hits Terence but does no damage.
Terence hits you with a +2 mace of draining.
You feel drained.
You shoot a sling bullet. The sling bullet barely misses Terence.
Terence hits you with a +2 mace of draining.
You feel drained.
Terence hits you with a +2 mace of draining.
You feel drained.
You shoot a sling bullet.
The sling bullet completely misses Terence.
Terence hits you with a +2 mace of draining.
You feel drained.
You shoot a sling bullet. The sling bullet barely misses Terence.
Terence hits you but does no damage.
You feel drained.
You shoot a sling bullet. The sling bullet hits Terence.
Terence is lightly wounded.
Terence hits you with a +2 mace of draining.
You feel drained. Terence barely misses you.
You shoot a sling bullet.
The sling bullet hits Terence but does no damage.
Terence is lightly wounded.
Terence hits you with a +2 mace of draining!
You feel drained.
You shoot a sling bullet. The sling bullet hits Terence.
Terence is moderately wounded.
Terence completely misses you.
You shoot a sling bullet.
The sling bullet closely misses Terence.
Terence closely misses you. You furiously retaliate!
You headbutt Terence.
Terence hits you with a +2 mace of draining.
You feel drained.
You die...

.......#. #....... .#
#.....####### .###
#......PPPPP####...####
#......P$$$P##.........
#......P$$$P...#.#.#.#.
##......P$$$P.#.........
........PPPPP...#.#.#.#.
...........+....@.......
..#####....####.#@#.#.#.
...........'............
#########..###..#.#.#.#.
. .........# #..........
.#######+#.# #.####.#.##
## #.# #.# .#.# #.# #.#
.# # #.. #.#


You could see Terence.

Vanquished Creatures
  An adder (D:2)
  A worm (D:2)
  3 ball pythons (D:1)
  3 bats (D:1)
  2 endoplasms (D:1)
  A goblin (D:1)
  2 kobolds
  A rat (D:1)
14 creatures vanquished.

Notes
Turn   | Place    | Note
-------+----------+-------------------------------------------
     0 | D:1      | qw the Minotaur Hexslinger began the quest for the Orb.
     0 | D:1      | Reached XP level 1. HP: 16/16 MP: 1/1
     0 | D:1      | 0 ||| qw: Version: 0.3-a-51-g015441d
     0 | D:1      | 0 ||| qw: Game counter: 4219
     0 | D:1      | 0 ||| qw: Melee chars always use a shield: true
     0 | D:1      | 0 ||| qw: God list: Okawaru
     0 | D:1      | 0 ||| qw: Allow faded altars: false
     0 | D:1      | 0 ||| qw: Do Orc after clearing Dungeon:15 true
     0 | D:1      | 0 ||| qw: Do second Lair branch before Depths: true
     0 | D:1      | 0 ||| qw: Lair rune preference: random
     0 | D:1      | 0 ||| qw: Goals: Normal
     0 | D:1      | 0 ||| PLANNING D:1-11
   279 | D:1      | Reached skill level 3 in Ranged Weapons
   279 | D:1      | Reached XP level 2. HP: 23/23 MP: 2/2
   505 | D:1      | 505 ||| UPGRADING to +0 ring mail.
   515 | D:1      | 515 ||| DROPPING +0 robe.
   516 | D:1      | 516 ||| READING scroll labelled GOK ZUFUNKEECK.
   517 | D:1      | 517 ||| READING 3 scrolls labelled ECEIXA SUTIWN.
   518 | D:1      | 518 ||| READING scroll labelled ARULAQ GEUMALU.
   519 | D:1      | 519 ||| READING 2 scrolls of identify.
   519 | D:1      | 519 ||| IDENTIFYING cyan potion
   520 | D:1      | 520 ||| DRINKING potion of experience.
   520 | D:1      | Reached skill level 11 in Fighting
   520 | D:1      | Reached XP level 3. HP: 47/47 MP: 3/3
   521 | D:1      | 521 ||| DROPPING scroll of poison.
   603 | D:2      | Noticed Terence
   612 | D:2      | HP: 9/38 [Terence/+2 mace of draining (10)]
   614 | D:2      | HP: 1/36 [Terence/+2 mace of draining (5)]
   614 | D:2      | Slain by Terence

Levels and vault maps discovered:
D:1:      lightli_arrival_lavapool, layout_loops_cross, hex_medium,
          hangedman_feature_mirror, hangedman_decor_push
D:2:      layout_basic, serial_co_window_serial, co_window_corner_a,
          co_window_corner_a, co_window_corner_a, co_window_paths_b,
          co_window_paths_a, co_window_corner_cb, co_window_of_opportunity_c,
          co_window_of_opportunity_c, co_window_unsneaky_path_c,
          co_window_of_opportunity_b, co_window_unsneaky_path_a,
          glass_columns_c, glass_columns_c, minmay_gold_behind_fungi,
          uniq_terence

Skill      XL: |  1  2 |
---------------+-------+-----
Ranged Weapons | 3 |  3.2
Fighting       | 11 | 11.0
Dodging        | |  2.1
Spellcasting   | |  1.0
Hexes          | |  2.0

Action                     || total
---------------------------++-------
   Fire: Sling             ||    43
    Use: Scroll            ||     4
         Potion            ||     1
 Armour: Robe              ||     6
         Ring mail         ||     2
  Dodge: Dodged            ||    12

Table legend:
 A = Non-vault XP
 B = Vault XP
 C = Vault XP percentage of total XP
 D = Non-vault monster count
 E = Vault monster count
 F = Vault count percentage of total count
                 A         B        C        D         E       F
            +---------+---------+-------+---------+---------+-------
      Total |      33 |       3 |   8.3 |      12 |       2 |  14.3
            +---------+---------+-------+---------+---------+-------
        D:1 |      13 |       3 |  18.8 |       9 |       2 |  18.2
        D:2 |      20 |       0 |   0.0 |       3 |       0 |   0.0
            +---------+---------+-------+---------+---------+-------
